 Dungeon Crawl Stone Soup version 0.29.1-2-gbd0b4ee654 (webtiles) character file.

Game seed: 10040809448425446540

112 xian the Trooper (level 4, -2/45 HPs)
             Began as a Troll Abyssal Knight on Oct 23, 2022.
             Was a Priest of Lugonu.
             Killed by divine providence
             ... invoked by an orc priest
              (12 damage)
             ... on level 3 of the Dungeon.
             The game lasted 00:13:18 (1951 turns).

xian the Trooper (Troll Abyssal Knight)             Turns: 1951, Time: 00:13:19

Health: -2/45      AC:  4    Str: 21 (23) XL:     4   Next: 64%
Magic:  1/1        EV: 10    Int:  4 (6)  God:    Lugonu [***...]
Gold:   69         SH:  0    Dex:  7 (10) Spells: 3/3 levels left

rFire   . . .      SeeInvis .   r - +2 short sword (antimagic)
rCold   . . .      Faith    .   (no shield)
rNeg    . . .      Spirit   .   b - +0 robe
rPois   .          Reflect  .   (helmet restricted)
rElec   .          Harm     .   (no cloak)
rCorr   .          Rampage  .   (gloves unavailable)
Will    .....                   (boots unavailable)
Stlth   +.........              k - amulet of regeneration
HPRegen 1.75/turn               (no ring)
MPRegen 0.07/turn               (no ring)

@: confused, ambrosia-drunk
A: large, unfitting armour, claws 3, regeneration 1, shaggy fur 1, tough skin 1
a: Renounce Religion, Depart the Abyss, Bend Space, Banish


You were on level 3 of the Dungeon.
You worshipped Lugonu.
Lugonu was most pleased with you.
You visited 1 branch of the dungeon, and saw 3 of its levels.
You visited the Abyss 1 time.

You collected 69 gold pieces.

Inventory:

Hand Weapons
 a - a +1 mace
 r - a +2 antimagic short sword (weapon)
Missiles
 g - 3 boomerangs (quivered)
 s - 4 curare-tipped darts
Armour
 b - a +0 robe (worn)
Jewellery
 k - an amulet of regeneration (around neck)
Wands
 t - a wand of roots (12)
Scrolls
 c - a scroll of immolation {unknown}
 d - a scroll of torment {unknown}
 e - 2 scrolls of identify {unknown}
 f - a scroll of amnesia {unknown}
 i - 2 scrolls of teleportation {unknown}
 j - 2 scrolls of blinking {unknown}
 l - a scroll of noise {unknown}
 n - a scroll of enchant weapon {unknown}
 q - a scroll of fog {unknown}
 u - 2 scrolls of fear {unknown}
Potions
 o - a potion of curing {unknown}
 p - a potion of heal wounds {unknown}


   Skills:
 + Level 3.0 Fighting
 + Level 2.4 Maces & Flails
 + Level 1.1 Throwing
 + Level 2.6 Dodging
 * Level 2.3 Invocations


You had 3 spell levels left.
You didn't know any spells.
Your spell library was empty.

Dungeon Overview and Level Annotations

Branches:
Dungeon (3/15)

Altars:


Innate Abilities, Weirdness & Mutations

You are too large for most types of armour.
You have claws for hands.
Your natural rate of healing is unusually fast.
You are covered in fur. (AC +1)
You have tough skin. (AC +1)


Message History

The orc priest hits you with a +0 dagger.
Something hits you.
* * * LOW HITPOINT WARNING * * *
Something hits you.
* * * LOW HITPOINT WARNING * * *
The orc priest mumbles some strange prayers to Beogh against you.
Pain shoots through your body!
* * * LOW HITPOINT WARNING * * *
Something hits you.
* * * LOW HITPOINT WARNING * * *
The orc priest calls down the wrath of Beogh upon you.
Something writhes in agony.
Something hits you.
* * * LOW HITPOINT WARNING * * *
You barely miss something.
An orc wizard appears from thin air!
Reactivating autopickup.
Something hits you but does no damage.
Deactivating autopickup; reactivate with Ctrl-A.
The orc wizard mumbles some strange words.
The orc wizard flickers and vanishes!
It was a potion of degeneration.
There was something very wrong with that liquid.
You feel weakened.
You feel dopey.
You feel clumsy. Something hits you.
* * * LOW HITPOINT WARNING * * *
The orc priest barely misses you. Something hits you.
* * * LOW HITPOINT WARNING * * *
It was a potion of ambrosia.
You are more confused.
You feel invigorated. Something hits you.
* * * LOW HITPOINT WARNING * * *
The orc priest hits you with a +0 dagger.
* * * LOW HITPOINT WARNING * * *
Something hits you.
* * * LOW HITPOINT WARNING * * *
You miss something.
You hear some strange, mumbled words.
You are more confused.
The orc priest mumbles some strange prayers to Beogh against you.
Beogh smites you!
You die...

.#.#.#.#.........##........)..#..
#.#.#.#..........###..........#..
.#.#.#.#.#.#.#.## #.#...........
#.#.#.#.#.#.#.## #.#........#..
.#.#.#.#.#.#.#.# #.#.#.#.#.....
#.#.#.#.#.#.#.## #.#........#<
.#.#.#.#.#.#.#.#####.#####..#.#
.#.#.#)#.#)#..{...#
.#.#.#.#.#...{@..#
.#.#.#{#.#..o...#
####.####......# #. #......# .
#......# .. #......# .o .......#
... #.......# #.......#


You could see an orc priest.

Vanquished Creatures
  4 adders
  3 dart slugs (D:2)
  An orc (D:3)
  8 ball pythons
  6 bats
  3 endoplasms
  4 giant cockroaches
  9 goblins
  7 hobgoblins
  3 jackals (D:1)
  2 quokkas (D:1)
  3 frilled lizards
  5 kobolds
  7 rats
65 creatures vanquished.

Notes
Turn   | Place    | Note
-------+----------+-------------------------------------------
     0 | Abyss:1  | xian the Troll Abyssal Knight began the quest for the Orb.
     0 | Abyss:1  | Reached XP level 1. HP: 22/22 MP: 1/1
     1 | D:1      | Escaped the Abyss
    85 | D:1      | Reached XP level 2. HP: 27/29 MP: 2/2
   583 | D:1      | Reached XP level 3. HP: 35/36 MP: 3/3
   600 | D:1      | Reached *** piety under Lugonu
  1070 | D:2      | Found a faded altar of an unknown god.
  1493 | D:2      | Reached XP level 4. HP: 37/44 MP: 4/4
  1654 | D:2      | Reached skill level 3 in Fighting
  1877 | D:3      | Reached skill level 1 in Throwing
  1946 | D:3      | HP: 2/45 [orc priest/nerve-wracking pain (11)]
  1951 | D:3      | Killed from afar by an orc priest

Illustrated notes

Levels and vault maps discovered:
D:1:      dpeg_arrival_oval, layout_basic
D:2:      layout_loops_corners, hellmonk_ecumenical_altar_crossroads
D:3:      layout_basic, chequers_serial_rivers_micro_e, uniq_terence,
          uniq_sigmund

Skill      XL: |  1  2  3  4 |
---------------+-------------+-----
Dodging        | 2 |  2.6
Maces & Flails | 2 |  2.4
Invocations    | 2 |  2.3
Fighting       | 3 |  3.0
Throwing       | 1 |  1.1

Action                   |  1- 3 |  4- 6 || total
-------------------------+-------+-------++-------
Melee: Mace              |   184 |    13 ||   197
       Punch             |     2 |       ||     2
       Short sword       |       |    50 ||    50
Throw: Boomerang         |     2 |     6 ||     8
  Use: Potion            |       |     2 ||     2
Armor: Robe              |    95 |    34 ||   129
Dodge: Dodged            |   124 |    41 ||   165
